[Event "Team 45 45 League T29"]
[Site "Internet Chess Club"]
[Date "2006.01.14"]
[Round "4"]
[White "Chessnut"]
[Black "ElmerHo"]
[Result "1-0"]
[WhiteElo "1786"]
[BlackElo "1643"]
[TimeControl "2700+45"]

1. e4 e5 2. Nf3 Nf6 3. Nxe5 d6 4. Nf3 Nxe4 5. d4 d5 6. Bd3 Bd6 7. O-O O-O 8. c4
c6 9. Nc3 Nxc3 10. bxc3 dxc4 11. Bxc4 Bg4 12. Qd3 Nd7 13. Ng5 Nf6 14. h3 Bh5 15.
Re1 h6 16. Nf3 Qc7 17. g4 Bg6 18. Qxg6 {Black resigns} 1-0  aics%

[Event "Team 45 45 League T29"]
[Site "Internet Chess Club"]
[Date "2006.01.16"]
[Round "4"]
[White "GolferBob"]
[Black "RingLord"]
[Result "1-0"]
[WhiteElo "1743"]
[BlackElo "1658"]
[TimeControl "2700+45"]

1. d4 Nf6 2. Nf3 e6 3. Bf4 Bd6 4. Bxd6 cxd6 5. e3 O-O 6. Bd3 Re8 7. c4 e5 8.
dxe5 dxe5 9. Bf5 e4 10. Nd4 Nc6 11. Nxc6 dxc6 12. Qxd8 Rxd8 13. Bxc8 Raxc8 14.
O-O Rd3 15. Nc3 Rcd8 16. h3 Kf8 17. Rfd1 Ke7 18. Kf1 Ke6 19. Ke1 Ke5 20. Ne2 g5
21. Nd4 Rd7 22. Rxd3 exd3 23. Rd1 Ke4 24. Kd2 c5 25. Nb3 b6 26. Kc3 g4 27. hxg4
Nxg4 28. f3+ Kxe3 29. fxg4 Ke2 30. Rd2+ Ke3 31. Nc1 a6 32. Rxd3+ Rxd3+ 33. Nxd3
f6 34. b4 cxb4+ 35. Nxb4 Kf2 36. Nd5 b5 37. cxb5 axb5 38. Nxf6 h6 39. Kb4 Kxg2
40. Kxb5 Kg3 41. a4 Kf4 42. a5 Kg5 43. Ng8 Kxg4 44. Nxh6+ {Black resigns} 1-0 
aics%

[Event "Team 45 45 League T29"]
[Site "Internet Chess Club"]
[Date "2006.01.11"]
[Round "4"]
[White "jacknor"]
[Black "Bowlomeat"]
[Result "1-0"]
[WhiteElo "1606"]
[BlackElo "1524"]
[TimeControl "2700+45"]

1. d4 d5 2. Nf3 Nf6 3. Bf4 e6 4. e3 c6 5. Nbd2 Nbd7 6. h3 Be7 7. Bd3 Qa5 8. c3
c5 9. O-O b6 10. Re1 Ba6 11. Nb3 Qa4 12. Bc2 Qc6 13. Ne5 Nxe5 14. dxe5 Nd7 15.
Bg3 Bb7 16. e4 Qc7 17. exd5 Bxd5 18. Qg4 g6 19. Nd2 Bf8 20. c4 Bb7 21. Rad1 Bg7
22. f4 O-O 23. Be4 f5 24. exf6 Rxf6 25. Bxb7 Qxb7 26. Ne4 Rff8 27. Qxe6+ Kh8 28.
Rxd7 Qc8 29. Qe7 Rg8 30. Nf6 Qf8 31. Nxg8 Qxg8 32. f5 gxf5 33. Be5 {Black
resigns} 1-0  aics%

[Event "Team 45 45 League T29"]
[Site "Internet Chess Club"]
[Date "2006.01.12"]
[Round "4"]
[White "one-over"]
[Black "EyeAm"]
[Result "0-1"]
[WhiteElo "1440"]
[BlackElo "1357"]
[TimeControl "2700+45"]

1. e4 e5 2. Nf3 Nf6 3. Nc3 Nc6 4. d4 exd4 5. Nd5 Nxd5 6. exd5 Nb4 7. Nxd4 Nxd5
8. Bc4 Qe7+ 9. Qe2 Qxe2+ 10. Nxe2 Nb4 11. Bb3 Bc5 12. O-O O-O 13. Bd2 a5 14. a3
Nc6 15. Bd5 Nd4 16. Nxd4 Bxd4 17. c3 Bf6 18. Bf4 c6 19. Bf3 d5 20. Rad1 a4 21.
Bd6 Re8 22. Bc5 Be7 23. Rfe1 Be6 24. Be3 b5 25. Kf1 Rad8 26. h3 h6 27. Bb6 Rd7
28. Be3 c5 29. Rd2 Red8 30. Red1 Bg5 31. g4 Bxe3 32. fxe3 g5 33. Kf2 Kg7 34. Kg3
Kg6 35. Kf2 f5 36. Kg3 Kf6 37. h4 fxg4 38. Bxg4 Bxg4 39. Kxg4 Ke5 40. hxg5 hxg5
41. Kxg5 Rg8+ {White resigns} 0-1  aics%

[Event "Team 45 45 League T29"]
[Site "Internet Chess Club"]
[Date "2006.01.13"]
[Round "4"]
[White "Nelsi"]
[Black "Gregorio"]
[Result "1-0"]
[WhiteElo "2164"]
[BlackElo "2051"]
[TimeControl "2700+45"]

1. e4 e5 2. Nf3 Nc6 3. c3 d6 4. d4 exd4 5. cxd4 g6 6. Nc3 Bg7 7. h3 Nf6 8. Be3
O-O 9. Bc4 Nxe4 10. Nxe4 d5 11. Bg5 f6 12. Nxf6+ Bxf6 13. Bxf6 Rxf6 14. Be2 Qd6
15. O-O Bf5 16. Qb3 Raf8 17. Rae1 Be4 18. Ng5 Kg7 19. Bg4 h5 20. Rxe4 dxe4 21.
Nxe4 Nxd4 22. Qe3 Qf4 23. Nxf6 Rxf6 24. Qxf4 Rxf4 25. Bc8 b6 26. g3 Ne2+ 27. Kg2
Rb4 28. b3 Re4 29. Rd1 Re7 30. a4 c5 31. Ba6 Nd4 32. b4 Kf6 33. bxc5 bxc5 34.
Rc1 Rc7 35. f4 Ke6 36. Bd3 Kf6 37. Kf2 Rc6 38. Bc4 Nf5 39. Kf3 Rb6 40. g4 Nd6
41. Bd5 c4 42. g5+ Kg7 43. Ke3 Rb4 44. Bc6 Rb3+ 45. Kd4 Rxh3 46. Kc5 Rd3 47. Bd5
Nf5 48. Bxc4 Rd4 49. Rb1 Rd7 50. Be6 Rc7+ 51. Kd5 Kf8 52. Bxf5 gxf5 53. a5 Kf7
54. a6 Re7 55. Rb7 h4 56. Kd6 {Black resigns} 1-0  aics%

[Event "Team 45 45 League T29"]
[Site "Internet Chess Club"]
[Date "2006.01.17"]
[Round "4"]
[White "nightflier"]
[Black "alexcolins"]
[Result "1-0"]
[WhiteElo "1942"]
[BlackElo "1739"]
[TimeControl "2700+45"]

1. d4 Nf6 2. c4 e6 3. Nf3 Bb4+ 4. Nbd2 b6 5. e3 Bb7 6. Bd3 d6 7. Qa4+ Nc6 8. e4
Bxd2+ 9. Bxd2 O-O 10. Bg5 h6 11. Bh4 g5 12. Nxg5 Ng4 13. Nf3 Qc8 14. h3 e5 15.
d5 Nd4 16. Nxd4 exd4 17. hxg4 Qxg4 18. f3 Qf4 19. Bf2 f5 20. Rh4 Qg5 21. exf5
Rae8+ 22. Kf1 h5 23. Qc2 Bc8 24. Qc1 Re3 25. Rxd4 Rfe8 26. Re4 R8xe4 27. Bxe4
Qf6 28. Qxe3 Bxf5 29. Qf4 Qxb2 30. Qg5+ Kh8 31. Qxh5+ Kg7 32. Qg5+ Kh8 33. Rb1
Qxa2 34. Bd4+ {Black resigns} 1-0  aics%

[Event "Team 45 45 League T29"]
[Site "Internet Chess Club"]
[Date "2006.01.15"]
[Round "4"]
[White "azbycx"]
[Black "room-matt"]
[Result "1/2-1/2"]
[WhiteElo "1832"]
[BlackElo "1871"]
[TimeControl "2700+45"]

1. d4 Nf6 2. Nf3 e6 3. c4 Bb4+ 4. Nbd2 b6 5. a3 Bxd2+ 6. Bxd2 Bb7 7. Bg5 O-O 8.
e3 d6 9. Bd3 Nbd7 10. O-O c5 11. Re1 Qc7 12. e4 cxd4 13. Nxd4 h6 14. Bh4 a6 15.
Rc1 Rfc8 16. b4 a5 17. Nb5 Qc6 18. f3 axb4 19. axb4 Ba6 20. Nd4 Qc7 21. b5 Bb7
22. Nb3 Ne5 23. Bxf6 gxf6 24. Qe2 Ra3 25. Rc3 Rca8 26. f4 Ng6 27. Qg4 Kh7 28.
Re3 d5 29. exd5 f5 30. Bxf5 exf5 31. Qxf5 Bc8 32. Qe4 Qxf4 33. Qxf4 Nxf4 34. Re7
Kg6 35. Rf3 Kf6 36. Re4 Rxb3 37. Rxb3 Ra1+ 38. Kf2 Ra2+ 39. Kg3 Ne2+ 40. Kf3
Ng1+ 41. Kg3 Ne2+ 42. Kf3 Ng1+ {Game drawn by mutual agreement} 1/2-1/2  aics%

[Event "Team 45 45 League T29"]
[Site "Internet Chess Club"]
[Date "2006.01.18"]
[Round "4"]
[White "six-killer"]
[Black "deathmage"]
[Result "0-1"]
[WhiteElo "1740"]
[BlackElo "1739"]
[TimeControl "2700+45"]

1. e4 e6 2. d4 d5 3. Nc3 Bb4 4. e5 c5 5. Bd2 Ne7 6. Nb5 Bxd2+ 7. Qxd2 O-O 8. f4
a6 9. Nd6 cxd4 10. Nf3 Nf5 11. Nxf5 exf5 12. Nxd4 Be6 13. Bd3 g6 14. O-O-O Nc6
15. Nb3 Qb6 16. Kb1 a5 17. Qc3 Rfc8 18. Qc5 Qd8 19. Qf2 a4 20. Nc5 Qc7 21. Nxe6
fxe6 22. a3 Qa5 23. h4 h5 24. g4 hxg4 25. h5 Kg7 26. Qh4 Qd8 27. Qh2 Qh8 28. Qh4
Qd8 29. Qh2 Qe7 30. h6+ Kh7 31. Qf2 Nd8 32. Qd4 Qc5 33. Qg1 Qxg1 34. Rdxg1 Rc5
35. Kc1 b5 36. Kd2 Rb8 37. c3 Nb7 38. Ke3 Na5 39. Kd4 Rcc8 40. Rg2 Nc4 41. Bb1
Rc7 42. Bd3 Rg8 43. Rf1 g5 44. Rxg4 gxf4 45. Rgxf4 Rg6 46. Rh4 Rxh6 47. Rxh6+
Kxh6 48. Rh1+ Kg5 49. Rg1+ Kh6 50. Rh1+ Kg5 51. Rg1+ Kf4 52. Rf1+ Kg3 53. Rg1+
Kf2 54. Rg6 Re7 55. Bxc4 bxc4 56. Kc5 f4 57. Kd6 Rb7 58. Rxe6 f3 59. Rf6 Ke2 60.
e6 f2 61. e7 Rb8 62. Kd7 f1=Q 63. Rxf1 Kxf1 64. e8=Q Rxe8 65. Kxe8 Ke2 66. Kd7
Kd3 67. Kd6 Kc2 68. Kxd5 Kxb2 69. Kxc4 Kxa3 70. Kb5 Kb3 71. c4 a3 72. c5 a2 73.
c6 a1=Q 74. c7 Qa8 75. Kc5 Qc8 76. Kc6 Kb4 77. Kb6 Kc4 78. Kc6 Kd4 79. Kd6 Ke4
80. Kc6 Kf5 81. Kd6 Kf6 82. Kc6 Ke6 83. Kb6 Kd7 {White resigns} 0-1  aics%

[Event "Team 45 45 League T29"]
[Site "Internet Chess Club"]
[Date "2006.01.14"]
[Round "4"]
[White "Sir-Knightly"]
[Black "onslaught"]
[Result "1-0"]
[WhiteElo "2181"]
[BlackElo "2178"]
[TimeControl "2700+45"]

1. d4 d5 2. c4 c6 3. Nf3 Nf6 4. Nc3 dxc4 5. a4 Bf5 6. Ne5 Nbd7 7. Nxc4 Qc7 8. g3
e5 9. dxe5 Nxe5 10. Bf4 Nfd7 11. Bg2 g5 12. Nxe5 gxf4 13. Nxd7 O-O-O 14. Qd4
Qxd7 15. Qxf4 Bd6 16. Qc4 Kb8 17. a5 Be6 18. Qd3 Qc7 19. Qc2 h5 20. a6 b6 21.
O-O-O h4 22. Qe4 Bd7 23. Nb5 cxb5+ 24. Kb1 Bc6 25. Qxc6 Qxc6 26. Bxc6 b4 27. e4
Bc5 28. f3 Rxd1+ 29. Rxd1 hxg3 30. hxg3 Rh3 31. Rd7 b3 32. Rb7+ Kc8 33. Bd7+
{Black resigns} 1-0  aics%

[Event "Team 45 45 League T29"]
[Site "Internet Chess Club"]
[Date "2006.01.13"]
[Round "4"]
[White "trivialpursuit"]
[Black "Chief-Justice"]
[Result "1-0"]
[WhiteElo "1946"]
[BlackElo "1828"]
[TimeControl "2700+45"]

1. e4 g5 2. d4 h6 3. Bc4 d6 4. Qh5 e6 5. Nc3 Nf6 6. Qe2 Nc6 7. Be3 a6 8. a3 e5
9. d5 Ne7 10. f3 Ng6 11. g3 Nh7 12. O-O-O f5 13. exf5 Bxf5 14. f4 gxf4 15. gxf4
Bg7 16. Nf3 e4 17. Nd4 Qf6 18. Rhg1 Nhf8 19. Qh5 b5 20. Be2 Bd7 21. f5 a5 22.
Bxb5 Bxb5 23. Ndxb5 Kd7 24. fxg6 Rb8 25. Qh3+ Kd8 26. Rdf1 {Black resigns} 1-0 
aics%

[Event "Team 45 45 League T29"]
[Site "Internet Chess Club"]
[Date "2006.01.15"]
[Round "4"]
[White "Thorin"]
[Black "forketta"]
[Result "0-1"]
[WhiteElo "1835"]
[BlackElo "1907"]
[TimeControl "2700+45"]

1. e4 c5 2. Nf3 d6 3. d4 cxd4 4. Nxd4 Nf6 5. Nc3 a6 6. Be3 e6 7. f3 Nc6 8. g4
Be7 9. Qd2 O-O 10. Bc4 Nxd4 11. Bxd4 b5 12. Bb3 Nd7 13. O-O-O Nb6 14. Be3 b4 15.
Na4 Nxa4 16. Bxa4 a5 17. h4 Bd7 18. Bxd7 Qxd7 19. Qf2 Qc6 20. Rd3 a4 21. Kb1 Qb5
22. g5 Rfd8 23. f4 d5 24. exd5 Rxd5 25. Rhd1 Rad8 26. Rxd5 Rxd5 27. Rxd5 Qxd5
28. Bc1 a3 29. bxa3 bxa3 30. Qb6 f6 31. Qb3 fxg5 32. Qxd5 exd5 33. hxg5 h6 34.
g6 Bd6 35. f5 h5 36. Bg5 Be5 37. Kc1 Bc3 38. Kd1 Kf8 39. Ke2 Ke8 40. Kd3 Be1 41.
Bf4 h4 42. Bh2 Bg3 43. Bg1 h3 44. Kd4 Bf2+ 45. Bxf2 h2 46. Kxd5 h1=Q+ 47. Kd4
Qa1+ 48. Kd3 Qf1+ {White resigns} 0-1  aics%

[Event "Team 45 45 League T29"]
[Site "Internet Chess Club"]
[Date "2006.01.17"]
[Round "4"]
[White "DavidBarnsley"]
[Black "Gandalf"]
[Result "1-0"]
[WhiteElo "1989"]
[BlackElo "1878"]
[TimeControl "2700+45"]

1. d4 d5 2. Nc3 Nf6 3. e4 dxe4 4. f3 c5 5. d5 exf3 6. Nxf3 Bg4 7. Bg5 Nbd7 8.
Be2 g6 9. h3 Bxf3 10. Bxf3 Bg7 11. O-O O-O 12. d6 e6 13. Qd2 Ne5 14. Be2 Ned7
15. a4 Qa5 16. Bb5 a6 17. Bxd7 Nxd7 18. Be7 Rfe8 19. Qf4 Ne5 20. Rae1 Qb4 21.
Re4 Qxb2 22. Rxe5 Qxc3 23. Qxf7+ Kh8 24. Rxe6 Qd4+ 25. Kh1 Qxa4 26. Bf6 Bxf6 27.
Qxf6+ Kg8 28. Qf7+ Kh8 29. Re7 Rxe7 30. dxe7 Rg8 31. Qxg8+ {Black resigns} 1-0 
aics%

[Event "Team 45 45 League T29"]
[Site "Internet Chess Club"]
[Date "2006.01.17"]
[Round "4"]
[White "six-killer"]
[Black "buzzard"]
[Result "1/2-1/2"]
[WhiteElo "1758"]
[BlackElo "1686"]
[TimeControl "2700+45"]

1. e4 c5 2. Nf3 Nc6 3. Bb5 Nd4 4. Nxd4 cxd4 5. O-O e5 6. c3 a6 7. Ba4 b5 8. Bb3
Bb7 9. Qf3 Nf6 10. d3 Be7 11. Qg3 d5 12. exd5 Bxd5 13. Qxe5 dxc3 14. Bxd5 Qxd5
15. Qxd5 Nxd5 16. Nxc3 Nxc3 17. bxc3 O-O 18. Re1 Bf6 19. Bd2 b4 20. Rac1 Rad8
21. cxb4 Rxd3 22. Be3 Bc3 23. Red1 Rxd1+ 24. Rxd1 Bxb4 25. g3 h6 26. Rd7 Rc8 27.
Ra7 Rc6 28. Kg2 a5 29. a3 Bxa3 30. Rxa5 Bb4 31. Ra7 Bc5 32. Ra8+ {Game drawn by
mutual agreement} 1/2-1/2  aics%

[Event "Team 45 45 League T29"]
[Site "Internet Chess Club"]
[Date "2006.01.13"]
[Round "4"]
[White "Chessnut"]
[Black "RD1974"]
[Result "1/2-1/2"]
[WhiteElo "1807"]
[BlackElo "1634"]
[TimeControl "2700+45"]

1. e4 c5 2. Nf3 Nc6 3. d4 cxd4 4. Nxd4 Nf6 5. Nc3 e6 6. Ndb5 Bb4 7. a3 Bxc3+ 8.
Nxc3 d5 9. exd5 exd5 10. Bf4 O-O 11. Be2 a6 12. O-O Bf5 13. Bd3 Bg4 14. Qc1 Re8
15. Bg5 Re6 16. Qf4 Bh5 17. Qh4 Bg6 18. Bxg6 hxg6 19. Rfe1 Qd7 20. Bxf6 gxf6 21.
Red1 Rd6 22. f3 Kg7 23. Rd2 Rh8 24. Qf2 d4 25. Ne4 Rd5 26. Rad1 f5 27. Ng3 Rd8
28. Ne2 b5 29. c3 d3 30. Nf4 Rd6 31. Rxd3 Rxd3 32. Rxd3 Qe7 33. Rxd8 Qxd8 34.
Qe2 Qd6 35. Nd3 Qd5 36. Qe3 Qb3 37. Kf2 Qd5 38. Nb4 Nxb4 39. axb4 Qd6 40. Qd4+
Qxd4+ 41. cxd4 Kf6 42. Ke3 Ke6 43. f4 Kd5 44. b3 f6 45. h4 Kd6 46. Kd3 Kd5 47.
Ke3 Kd6 48. d5 Kxd5 49. Kd3 Ke6 50. Kd4 Kd6 51. g3 Kc6 52. Kc3 Kd5 53. Kd3 {Game
drawn by mutual agreement} 1/2-1/2  aics%

[Event "Team 45 45 League T29"]
[Site "Internet Chess Club"]
[Date "2006.01.15"]
[Round "4"]
[White "Stav"]
[Black "MrShaw"]
[Result "1/2-1/2"]
[WhiteElo "1712"]
[BlackElo "1741"]
[TimeControl "2700+45"]

1. d4 Nf6 2. c4 g6 3. Nc3 Bg7 4. e4 d6 5. Bg5 O-O 6. Be2 Nc6 7. Nf3 h6 8. Be3
Ng4 9. Bf4 e5 10. dxe5 Ngxe5 11. Qd2 Kh7 12. O-O f5 13. exf5 Nxf3+ 14. Bxf3 Bxf5
15. Rad1 Ne5 16. Bxe5 Bxe5 17. Bxb7 Rb8 18. Bd5 Qf6 19. Rc1 c5 20. b3 Rbe8 21.
g3 Bd4 22. Bg2 Re7 23. Nd5 Qg7 24. Nxe7 Qxe7 25. Rce1 Qf6 26. Re2 Bg4 27. Re4
Bf5 28. Re2 Bg4 29. Re4 Bf5 30. Rxd4 cxd4 31. Rd1 Bg4 32. Re1 Rf7 33. Re4 Qf5
34. Qxd4 Bf3 35. Bxf3 Qxf3 36. Qe3 Qf6 37. Kg2 Kg7 38. Rf4 Qe7 39. Qxe7 Rxe7 40.
Rd4 Re6 41. Kf3 g5 42. Re4 Rf6+ 43. Ke3 Kf7 44. f4 g4 45. Kd4 Rf5 46. b4 h5 47.
a4 h4 48. c5 dxc5+ 49. bxc5 hxg3 50. hxg3 Rh5 51. Re3 Rh1 52. Kc4 Rc1+ 53. Rc3
Rf1 54. Kb5 Rf3 55. Kc4 Rf1 56. c6 Ke7 57. Rd3 Rc1+ 58. Rc3 Rf1 59. Kd4 Kd8 60.
c7+ Kc8 61. Ke4 a5 62. Kf5 Rf3 63. Rc6 Rxg3 64. Rg6 Ra3 65. Rxg4 Kxc7 66. Rg7+
Kd8 67. Ra7 Rxa4 68. Kg5 Ra1 69. f5 a4 70. f6 Ke8 {Game drawn by mutual
agreement} 1/2-1/2  aics%

[Event "Team 45 45 League T29"]
[Site "Internet Chess Club"]
[Date "2006.01.16"]
[Round "4"]
[White "nightly"]
[Black "tourettes"]
[Result "1-0"]
[WhiteElo "1859"]
[BlackElo "1816"]
[TimeControl "2700+45"]

1. c4 Nf6 2. g3 e6 3. Bg2 d5 4. Nf3 Be7 5. O-O O-O 6. b3 b6 7. Bb2 Bb7 8. Qc2 h6
9. d3 Nbd7 10. Nbd2 c5 11. cxd5 exd5 12. d4 Rc8 13. dxc5 Bxc5 14. Qd3 Bd6 15.
Rac1 Nc5 16. Qb1 Ba6 17. Rfe1 Re8 18. Nd4 Be5 19. b4 Nce4 20. Nxe4 Nxe4 21. Bxe4
Bxd4 22. Bh7+ Kh8 23. Bxd4 Rxc1 24. Rxc1 Bxe2 25. Bf5 Bf3 26. Rc8 Qe7 27. Rxe8+
Qxe8 28. Qc1 Kg8 29. Qc8 Qxc8 30. Bxc8 f6 31. Bh3 Kf7 32. Bg2 Be4 33. f3 Bb1 34.
a3 Ba2 35. Kf2 Ke6 36. Ke3 Kd6 37. Bc3 Kc6 38. Bf1 Kd6 39. Kd4 Bb3 40. b5 Ke6
41. Bd3 Bd1 42. f4 Bf3 43. Bb4 g5 44. f5+ Kf7 45. Bd6 h5 46. Bb8 {Black resigns}
1-0  aics%

[Event "Team 45 45 League T29"]
[Site "Internet Chess Club"]
[Date "2006.01.17"]
[Round "4"]
[White "kingfischer57"]
[Black "Rlopez"]
[Result "0-1"]
[WhiteElo "1804"]
[BlackElo "1825"]
[TimeControl "2700+45"]

1. d4 Nf6 2. c4 e6 3. Nc3 Bb4 4. Qc2 O-O 5. a3 Bxc3+ 6. Qxc3 b6 7. Bg5 Bb7 8. f3
d6 9. e3 h6 10. Bh4 c5 11. Bd3 Nbd7 12. Ne2 Rc8 13. O-O e5 14. Bf5 Qc7 15. Rac1
Rce8 16. b3 exd4 17. Qc2 Rxe3 18. Nf4 g5 19. g3 gxh4 20. Nd5 Nxd5 21. cxd5 Bxd5
22. Be4 Bxe4 23. fxe4 Ne5 24. Rf4 hxg3 25. hxg3 Rxg3+ 26. Kh2 Rg5 27. Rg1 Rxg1
28. Kxg1 Qd8 29. Rf2 Kh7 30. Qd2 Qg5+ 31. Qxg5 hxg5 {White resigns} 0-1  aics%

[Event "Team 45 45 League T29"]
[Site "Internet Chess Club"]
[Date "2006.01.13"]
[Round "4"]
[White "nanning"]
[Black "sophia101"]
[Result "0-1"]
[WhiteElo "1603"]
[BlackElo "1767"]
[TimeControl "2700+45"]

1. e4 e5 2. Bc4 c6 3. Nf3 d5 4. exd5 cxd5 5. Bb5+ Bd7 6. Qe2 e4 7. Nc3 Nf6 8.
Nxd5 Nxd5 9. Qxe4+ Qe7 10. Bd3 Qxe4+ 11. Bxe4 Bc6 12. d4 Bd6 13. Bd2 Nb4 14.
Bxc6+ N8xc6 15. Bxb4 Nxb4 16. Kd2 Bf4+ 17. Kc3 Nd5+ 18. Kc4 Nb6+ 19. Kd3 O-O 20.
g3 Bd6 21. c4 Rfd8 22. Rhe1 Bf8 23. Rab1 Rac8 24. b3 Nd7 25. b4 Re8 26. a3 f6
27. d5 Nb6 28. Rxe8 Rxe8 29. c5 Nxd5 {White resigns} 0-1  aics%

[Event "Team 45 45 League T29"]
[Site "Internet Chess Club"]
[Date "2006.01.18"]
[Round "4"]
[White "DeLaSalle"]
[Black "trevor21"]
[Result "1/2-1/2"]
[WhiteElo "2041"]
[BlackElo "2112"]
[TimeControl "2700+45"]

1. b3 d5 2. Bb2 e6 3. e3 Nf6 4. f4 Be7 5. Nf3 O-O 6. Be2 c5 7. O-O Nc6 8. Ne5
Bd7 9. Bf3 Qc7 10. d3 Bd6 11. Ng4 Nxg4 12. Bxg4 f5 13. Bf3 Be7 14. Nd2 Bf6 15.
Bxf6 Rxf6 16. e4 dxe4 17. dxe4 Qxf4 18. exf5 Qd4+ 19. Kh1 exf5 20. Nc4 Re8 21.
c3 Qxd1 22. Raxd1 Re7 23. Ne3 Rxe3 24. Rxd7 Rxc3 25. Rxb7 Ne5 26. Bd5+ Kf8 27.
Rxa7 Rd3 28. Ra8+ Ke7 29. Ra7+ Kf8 30. Ra8+ {Game drawn by mutual agreement}
1/2-1/2  aics%

[Event "Team 45 45 League T29"]
[Site "Internet Chess Club"]
[Date "2006.01.15"]
[Round "4"]
[White "ReelBigFish"]
[Black "Wevey"]
[Result "1/2-1/2"]
[WhiteElo "1755"]
[BlackElo "1878"]
[TimeControl "2700+45"]

1. e4 c5 2. Nf3 d6 3. d4 cxd4 4. Nxd4 Nf6 5. Nc3 g6 6. Bg5 Bg7 7. Bb5+ Bd7 8.
Qe2 a6 9. Bxd7+ Nbxd7 10. O-O-O Rc8 11. f4 Rxc3 12. bxc3 Qc7 13. Rd3 Nc5 14. Re3
h6 15. Bh4 O-O 16. g4 Nfxe4 17. Rxe4 Nxe4 18. Qxe4 Qxc3 19. Bf2 Rc8 20. Rd1 Rc4
21. Qd3 Bxd4 22. Bxd4 Qxd3 23. Rxd3 e6 24. h3 Kf8 25. Kd2 Ke7 26. Be3 Ra4 27. a3
b5 28. Rb3 {Game drawn by mutual agreement} 1/2-1/2  aics%  LeBot(C TD)(340): A
collection of lessons given to Lechessclub by various teachers are available for
download at http://members.cox.net/emcutting/PGN_Files.html aics%

[Event "Team 45 45 League T29"]
[Site "Internet Chess Club"]
[Date "2006.01.14"]
[Round "4"]
[White "Zillmer"]
[Black "BaroneRosso"]
[Result "1/2-1/2"]
[WhiteElo "2087"]
[BlackElo "2031"]
[TimeControl "2700+45"]

1. e4 c5 2. Nc3 Nc6 3. f4 g6 4. Nf3 Bg7 5. Bc4 e6 6. f5 Nge7 7. fxe6 fxe6 8. d3
d5 9. Bb5 d4 10. Bxc6+ Nxc6 11. Ne2 O-O 12. O-O e5 13. Qe1 Nb4 14. Bg5 Qc7 15.
Qh4 Nc6 16. Bh6 Bxh6 17. Qxh6 Bg4 18. h3 Bxf3 19. Rxf3 Rxf3 20. gxf3 Qg7 21.
Qxg7+ Kxg7 22. a3 Rf8 23. Rf1 g5 24. Kg2 Ne7 25. Ng3 Kg6 26. Rh1 {Game drawn by
mutual agreement} 1/2-1/2  aics%

[Event "Team 45 45 League T29"]
[Site "Internet Chess Club"]
[Date "2006.01.17"]
[Round "4"]
[White "bobhill"]
[Black "houthakker"]
[Result "0-1"]
[WhiteElo "2077"]
[BlackElo "2072"]
[TimeControl "2700+45"]

1. d4 c5 2. d5 Nf6 3. Nf3 g6 4. Bg5 Bg7 5. c3 d6 6. e4 Nbd7 7. Nbd2 O-O 8. Be2
Re8 9. O-O Qc7 10. Qc2 Nf8 11. Rac1 e6 12. c4 exd5 13. Bxf6 Bxf6 14. cxd5 Nd7
15. Nc4 b5 16. Ne3 a6 17. Ng4 Bg7 18. Ng5 h6 19. Nf3 Nb6 20. Nd2 f5 21. Ne3 fxe4
22. Nxe4 Bb7 23. Ng3 Qf7 24. Bf3 Bd4 25. Ng4 Kg7 26. Ne2 Bf6 27. Nxf6 Qxf6 28.
Nc3 Rad8 29. Ne4 Qf4 30. Qc3+ Qe5 31. Qa5 Nc4 32. Qc7+ Qe7 33. Qxe7+ Rxe7 34. b3
Ne5 35. Rfd1 Nxf3+ 36. gxf3 Re5 37. b4 c4 38. Nc3 Rf8 39. Re1 Rfe8 40. Kf1 Rxe1+
41. Rxe1 Rxe1+ 42. Kxe1 Kf6 43. Ke2 Ke5 44. Ke3 Bxd5 45. f4+ Ke6 46. a4 Bc6 47.
a5 Kf5 48. Ne2 Kg4 49. Nd4 Bd5 50. Ne2 h5 51. h3+ Kxh3 52. f5 Kg4 53. fxg6 h4
54. Nf4 Bg8 55. f3+ Kg5 56. Ke4 d5+ 57. Ke5 c3 58. g7 c2 59. Nd3 h3 60. f4+ Kg6
61. f5+ Kxg7 62. Kf4 h2 {White resigns} 0-1  aics%

[Event "Team 45 45 League T29"]
[Site "Internet Chess Club"]
[Date "2006.01.16"]
[Round "4"]
[White "Sergio56"]
[Black "camembert"]
[Result "1-0"]
[WhiteElo "1904"]
[BlackElo "1876"]
[TimeControl "2700+45"]

1. e4 e5 2. Nf3 Nc6 3. Bb5 a6 4. Bxc6 dxc6 5. O-O f6 6. d4 exd4 7. Nxd4 c5 8.
Ne2 Qxd1 9. Rxd1 Bd7 10. Be3 O-O-O 11. Nbc3 Re8 12. Rd2 Bc6 13. Rad1 b6 14. Nf4
Nh6 15. Nfd5 Nf7 16. Bf4 Ne5 17. b3 Bd6 18. Nxb6+ Kb7 19. Nbd5 Rhf8 20. Bg3 g5
21. Ne3 Nf7 22. Nf5 Bxe4 23. Nxe4 Rxe4 24. Bxd6 cxd6 25. Rxd6 Rfe8 26. Rd7+ Kc8
27. Ne3 R8e7 28. R7d5 R4e5 29. Kf1 Kc7 30. Ng4 Rxd5 31. Rxd5 Kc6 32. Rf5 Rd7 33.
Rxf6+ Kb5 34. a4+ Kb4 35. Rxa6 Rd2 36. Ne3 {Black resigns} 1-0  aics%

[Event "Team 45 45 League T29"]
[Site "Internet Chess Club"]
[Date "2006.01.14"]
[Round "4"]
[White "Boromir"]
[Black "alastorx"]
[Result "1/2-1/2"]
[WhiteElo "1874"]
[BlackElo "1779"]
[TimeControl "2700+45"]

1. f4 Nf6 2. Nf3 g6 3. e3 Bg7 4. Nc3 d6 5. d4 Bg4 6. h3 Bxf3 7. Qxf3 Nc6 8. Bb5
d5 9. O-O a6 10. Bd3 Nb4 11. Bd2 e6 12. Rfc1 Nxd3 13. cxd3 O-O 14. Na4 Nd7 15.
Bb4 Re8 16. Rc2 c6 17. Rac1 Qc7 18. b3 Rac8 19. Kh1 Nf6 20. Bc5 Nd7 21. Bb4 Nf6
22. Bc5 {Game drawn by mutual agreement} 1/2-1/2  aics%

[Event "Team 45 45 League T29"]
[Site "Internet Chess Club"]
[Date "2006.01.21"]
[Round "4"]
[White "softpawn"]
[Black "Mikey29a"]
[Result "1-0"]
[WhiteElo "1468"]
[BlackElo "1623"]
[TimeControl "2700+45"]

1. e4 c5 2. Nf3 Nc6 3. Bd3 g6 4. c3 Bg7 5. Bc2 e6 6. O-O d5 7. exd5 exd5 8. d4
c4 9. Re1+ Nge7 10. b3 b5 11. bxc4 bxc4 12. Ba3 Bf6 13. Ne5 Nxe5 14. dxe5 Bg7
15. Ba4+ Bd7 16. e6 fxe6 17. Rxe6 Bf8 18. Nd2 Bxa4 19. Qxa4+ Qd7 20. Qa6 Qc8 21.
Qd6 Qd7 22. Qe5 Rg8 23. Bxe7 Bxe7 24. Re1 {Black resigns} 1-0  aics%

[Event "Team 45 45 League T29"]
[Site "Internet Chess Club"]
[Date "2006.01.14"]
[Round "4"]
[White "Invicta-Knight"]
[Black "Bookkeeper"]
[Result "0-1"]
[WhiteElo "1460"]
[BlackElo "1458"]
[TimeControl "2700+45"]

1. e4 c5 2. Nc3 Nc6 3. f4 g6 4. Nf3 Bg7 5. Bc4 Nf6 6. e5 Ng4 7. Bxf7+ Kxf7 8.
Ng5+ Kf8 9. Qxg4 d6 10. Nxh7+ Rxh7 11. Qxg6 Rh6 12. Qe4 dxe5 13. fxe5 Qd4 14.
Rf1+ Ke8 15. d3 Qxe4+ 16. Nxe4 Rxh2 17. Rf2 Bxe5 18. Be3 Rh1+ 19. Rf1 Rxf1+ 20.
Kxf1 b6 21. c3 Bf5 22. Kf2 c4 23. d4 Bxe4 24. dxe5 Nxe5 25. Rh1 Nd3+ 26. Kg3
Nxb2 27. Kf4 Bxg2 28. Rh2 Nd3+ 29. Kg3 Bb7 30. Bg5 Kd7 31. Rh7 Re8 32. Rh4 b5
33. Rd4+ Kc7 34. Rh4 e5 35. Rh7+ Kc6 36. Rh6+ Kd5 37. Rh7 Rg8 38. Kh4 Bc6 39.
Rh5 a6 40. Be3 Rg2 41. Rh8 {White resigns} 0-1  aics%  Invicta-Knight(340):
yes...classic mistake...attacking before developing aics%  mgcortes(71): a
alienrs aics%

[Event "Team 45 45 League T29"]
[Site "Internet Chess Club"]
[Date "2006.01.15"]
[Round "4"]
[White "CraigCKlein"]
[Black "Avedldesierto"]
[Result "1-0"]
[WhiteElo "1806"]
[BlackElo "1742"]
[TimeControl "2700+45"]

1. d4 Nf6 2. c4 e5 3. dxe5 Ng4 4. Nf3 Bc5 5. e3 Nc6 6. Qd5 Qe7 7. a3 Ngxe5 8.
Be2 Nxf3+ 9. Bxf3 Ne5 10. b4 c6 11. Qe4 Nxf3+ 12. Qxf3 Bd6 13. Bb2 O-O 14. Nc3
Bxb4 15. axb4 Qxb4 16. Rb1 Qxc4 17. Qe2 Qxe2+ 18. Kxe2 a5 19. Ba3 Re8 20. Bd6 b5
21. f3 Ba6 22. Ne4 b4+ 23. Kd2 Re6 24. Bc7 d5 25. Nc5 Rg6 26. g3 Bb5 27. Rb2 Ra7
28. Bb6 Ra8 29. Ra1 d4 30. exd4 Rd6 31. Ne4 Rd7 32. Rxb4 a4 33. Nc5 Re7 34. Ne4
a3 35. Bc5 Rb7 36. Nd6 Rbb8 37. Nxb5 cxb5 38. Rb3 a2 39. Rb2 Ra6 40. Raxa2 Rf6
41. Rxb5 {Black resigns} 1-0  aics%